Maple Leafs vs Canucks

Created - May 8, 2022 at 21:19

Goals
1 2 3 T
Maple Leafs 1 2 3 6
Canucks 0 2 0 2
Shots
1 2 3 T
Maple Leafs 5 11 13 29
Canucks 12 7 10 29

1st period

1. Maple Leafs , Evgeni Malkin 25 (Michael Frolik 37, John Gibson) at 11:57

Penalties :
Brayden Schenn (TOR) for Holding (Minor) at 4:40, Evgeni Malkin (TOR) for High sticking (Minor) at 13:31, Evgeni Malkin (TOR) for Interference (Minor) at 19:07

2nd period

2. Maple Leafs , Hampus Lindholm 5 (Brayden Schenn 40, John Gibson) at 1:08 (PP)
3. Maple Leafs , Evgeni Malkin 26 (Michael Frolik 38, Claude Giroux 38) at 3:43
4. Canucks , Robert Nilsson 26 (Drew Doughty 52) at 4:12
5. Canucks , Mike Lundin 5 (Nick Palmieri 24, Robert Nilsson 48) at 8:14 (PP)

Penalties :
Sam Gagner (Van) for Holding (Minor) at 0:23, Brandon Saad (TOR) for Interference (Minor) at 7:36, Mike Lundin (Van) for Tripping (Minor) at 9:03, Andre Burakovsky (TOR) for Hooking (Minor) at 15:05

3rd period

6. Maple Leafs , Evgeni Malkin 27 (Michael Frolik 39, Claude Giroux 39) at 12:08 (PP)
7. Maple Leafs , Michael Frolik 29 (Claude Giroux 40) at 13:35 (PP)
8. Maple Leafs , Gabriel Landeskog 14 (Braydon Coburn 12) at 18:00

Penalties :
Marcus Johansson (Van) for Tripping (Minor) at 5:03, Patrice Cormier (TOR) for Hooking (Minor) at 7:57, Garnet Hathaway (Van) for Elbowing (Minor) at 11:39, Alex Goligoski (Van) for Tripping (Minor) at 13:15

Goalie Stats

John Gibson (TOR), 27 saves from 29 shots - (0.931), W, 22-17-2, 60:00 minutes
Jonathan Quick (Van), 23 saves from 29 shots - (0.793), L, 23-25-5, 60:00 minutes

Players Stats for Maple Leafs

Player Name              G  A  P  +/- PIM S  H  SB GA TA FO     MP     PP MP  PK MP  
------------------------------------------------------------------------------------
Andre Burakovsky         0  0  0   1  2   0  2  1  0  0  0/2    13:07   1:48   0:00 
Beau Bennett             0  0  0   0  0   0  0  0  0  1  0/0    10:18   0:06   0:00 
Brandon Saad             0  0  0   1  2   1  0  0  0  0  0/0     8:38   0:06   1:53 
Brayden Schenn           0  1  1   1  2   4  1  0  0  1  14/26  18:27   1:48   4:43 
Braydon Coburn           0  1  1   1  0   0  1  1  0  0  0/0    17:42   0:00   6:35 
Claude Giroux            0  3  3   0  0   1  1  0  0  0  1/4    22:42   2:53   2:55 
Evgeni Malkin            3  0  3   0  4   7  2  0  1  1  12/29  22:28   2:55   2:57 
Gabriel Landeskog        1  0  1   1  0   1  2  1  0  0  1/1    18:46   1:50   5:11 
Hampus Lindholm          1  0  1   1  0   1  3  1  1  0  0/0    23:18   3:13   3:15 
John Klingberg           0  0  0   0  0   2  1  0  0  1  0/0    25:09   1:38   3:15 
Jon Merrill              0  0  0   1  0   0  1  1  1  0  0/0    23:14   1:36   6:35 
Michael Frolik           1  3  4   0  0   5  1  0  0  0  2/4    19:19   2:55   0:00 
Patrice Cormier          0  0  0   1  2   2  0  0  0  0  0/2     8:32   0:06   1:48 
Pavel Zacha              0  0  0   0  0   0  2  0  0  0  3/10   10:33   0:00   0:13 
Pontus Aberg             0  0  0   1  0   0  0  0  0  0  1/1     6:29   0:00   0:00 
Ryan Parent              0  0  0   1  0   0  0  0  0  0  0/0     9:41   0:00   0:00 
Tim Schaller             0  0  0   0  0   2  2  0  0  0  0/0    10:02   0:00   0:00 
Zach Werenski            0  0  0   0  0   3  2  0  0  0  0/0    20:56   3:11   0:00 

Players Stats for Canucks

Player Name              G  A  P  +/- PIM S  H  SB GA TA FO     MP     PP MP  PK MP  
------------------------------------------------------------------------------------
Alex Goligoski           0  0  0  -2  2   2  1  3  0  0  0/0    21:14   4:13   1:36 
Cody Eakin               0  0  0  -1  0   0  0  0  0  0  1/1     2:33   0:00   0:00 
Derick Brassard          0  0  0   0  0   5  1  0  0  0  10/17  21:37   4:11   2:37 
Drew Doughty             0  1  1   0  0   7  0  0  0  1  0/0    31:50   5:37   3:24 
Fabian Brunnstrom        0  0  0  -1  0   0  0  0  0  0  0/0    10:33   0:00   1:22 
Garnet Hathaway          0  0  0  -1  2   0  0  0  0  0  1/1     2:54   0:07   0:00 
Jamie Benn               0  0  0   0  0   2  0  0  0  0  0/0    19:22   4:11   0:50 
Jason Akeson             0  0  0  -1  0   0  0  0  0  0  1/1    10:33   0:00   1:22 
Marcus Johansson         0  0  0   0  2   4  1  1  0  1  0/0    23:57   5:32   0:00 
Maxim Talbot             0  0  0  -1  0   1  1  0  2  0  2/5     9:33   0:07   0:00 
Michael Kostka           0  0  0   0  0   0  0  0  0  0  0/0     7:26   0:00   0:20 
Mike Lundin              1  0  1  -2  2   1  1  2  0  0  0/0    20:13   4:13   0:41 
Nick Palmieri            0  1  1   0  0   0  1  0  0  1  0/0    18:24   4:11   0:00 
Oscar Sundqvist          0  0  0   0  0   0  0  0  0  0  0/0     0:52   0:07   0:02 
Robert Nilsson           1  1  2  -1  0   3  4  1  1  0  30/54  29:23   5:32   2:37 
Sam Gagner               0  0  0   0  2   1  0  0  1  0  0/0    24:44   5:31   0:48 
Tomas Kundratek          0  0  0   0  0   0  1  0  0  0  0/0     7:45   0:00   0:44 
Tyler Myers              0  0  0   0  0   3  3  1  0  0  0/0    31:30   5:37   2:53 

3 Stars

1 - Michael Frolik (TOR)
2 - Evgeni Malkin (TOR)
3 - Hampus Lindholm (TOR)

Power Play

Maple Leafs - 3 on 5 Attempt(s) - 60.00%
Canucks - 1 on 6 Attempt(s) - 16.67%

Penalty Kill

Maple Leafs - 5 on 6 Attempt(s) - 83.33% - Score 0 goal in Penalty Kill
Canucks - 2 on 5 Attempt(s) - 40.00% - Score 0 goal in Penalty Kill

Team Stat

Maple Leafs - Hits : 21 - Faceoff Wins : 34 - Blocked Shots : 5 - Penalty Minutes : 12
Canucks - Hits : 14 - Faceoff Wins : 45 - Blocked Shots : 8 - Penalty Minutes : 10

Official

Referees : TJ Luxmore and Peter MacDougall
Linesman : Ryan Gibbons and Vaughan Rody

Game Notes

Evgeni Malkin has scored a Hat Trick!

Finance

Level 1 -- Attendance: 5874 (97.90%) -- Ticket Income $587,400
Level 2 -- Attendance: 5000 (100.00%) -- Ticket Income $300,000
Level 3 -- Attendance: 1945 (97.25%) -- Ticket Income $68,075
Level 4 -- Attendance: 3742 (93.55%) -- Ticket Income $93,550
Luxury Box -- Attendance: 1000 (100.00%) -- Ticket Income $200,000
Game was played at the Rodgers Arena.
Total Attendance: 17561 (97.56%)
Total Ticket Income: $1,249,025
Other Income: $187,354
Total Income: $1,436,379

Maple Leafs

5 vs 5 Forward 
   Center                   Left Wing                Right Wing               Time % Phy DF OF 
 1 Evgeni Malkin            Claude Giroux            Michael Frolik           40     1   2  2  
 2 Brayden Schenn           Gabriel Landeskog        Andre Burakovsky         30     1   2  2  
 3 Pavel Zacha              Tim Schaller             Beau Bennett             20     1   2  2  
 4 Patrice Cormier          Brandon Saad             Pontus Aberg             10     1   2  2  

5 vs 5 Defense 
   Defense                  Defense                                           Time % Phy DF OF 
 1 John Klingberg           Zach Werenski                                     40     1   2  2  
 2 Hampus Lindholm          Jon Merrill                                       30     1   2  2  
 3 Ryan Parent              Braydon Coburn                                    20     1   2  2  
 4 Hampus Lindholm          John Klingberg                                    10     1   2  2  

PowerPlay Forward 
   Center                   Left Wing                Right Wing               Time % Phy DF OF 
 1 Evgeni Malkin            Claude Giroux            Michael Frolik           60     1   2  2  
 2 Brayden Schenn           Gabriel Landeskog        Andre Burakovsky         40     1   2  2  

PowerPlay Defense
   Defense                  Defense                                           Time % Phy DF OF 
 1 Hampus Lindholm          Zach Werenski                                     60     1   2  2  
 2 Jon Merrill              John Klingberg                                    40     1   2  2  

Penalty Kill 4 Players Forward 
   Center                   Wing                     Time % Phy DF OF 
 1 Brayden Schenn           Gabriel Landeskog        60     1   2  2  
 2 Evgeni Malkin            Claude Giroux            40     1   2  2  

Penalty Kill 4 Players Defense
   Defense                  Defense                  Time % Phy DF OF 
 1 Jon Merrill              Braydon Coburn           60     1   2  2  
 2 Hampus Lindholm          John Klingberg           40     1   2  2  

Penalty Kill - 3 Players Forward 
   Forward                                           Time % Phy DF OF 
 1 Patrice Cormier                                   60     1   2  2  
 2 Brayden Schenn                                    40     1   2  2  

Penalty Kill - 3 Players Defense
   Defense                  Defense                  Time % Phy DF OF 
 1 Braydon Coburn           Jon Merrill              60     1   2  2  
 2 Hampus Lindholm          John Klingberg           40     1   2  2  

4 vs 4 Forward 
   Center                   Wing                     Time % Phy DF OF 
 1 Brayden Schenn           Claude Giroux            60     1   2  2  
 2 Evgeni Malkin            Gabriel Landeskog        40     1   2  2  

4 vs 4 Defense
   Defense                  Defense                  Time % Phy DF OF 
 1 Hampus Lindholm          John Klingberg           60     1   2  2  
 2 Jon Merrill              Braydon Coburn           40     1   2  2  

Last Minutes Offensive
   Center                   Left Wing                Right Wing               Defense                  Defense                  
   Evgeni Malkin            Claude Giroux            Michael Frolik           Hampus Lindholm          John Klingberg           

Last Minutes Defensive
   Center                   Left Wing                Right Wing               Defense                  Defense                  
   Brayden Schenn           Claude Giroux            Michael Frolik           Braydon Coburn           Jon Merrill              

Goaltenders
Starting : John Gibson              
Backup : Martin Jones             

Extra Forwards
Normal : Gabriel Landeskog, Michael Frolik, Evgeni Malkin - PP : Gabriel Landeskog, Michael Frolik - PK : Gabriel Landeskog
Extra Defensemen
Normal : Braydon Coburn, Ryan Parent, Zach Werenski - PP : Braydon Coburn - PK : Braydon Coburn, Ryan Parent
Penalty Shots
Claude Giroux, Evgeni Malkin, Andre Burakovsky, Michael Frolik, Brayden Schenn

Scratches
Bo Horvat (Broken Bone (Left Foot) Injury)

Canucks

5 vs 5 Forward 
   Center                   Left Wing                Right Wing               Time % Phy DF OF 
 1 Robert Nilsson           Marcus Johansson         Sam Gagner               55     1   2  2  
 2 Derick Brassard          Jamie Benn               Nick Palmieri            30     1   2  2  
 3 Maxim Talbot             Fabian Brunnstrom        Jason Akeson             10     1   2  2  
 4 Cody Eakin               Robert Nilsson           Garnet Hathaway          5      1   2  2  

5 vs 5 Defense 
   Defense                  Defense                                           Time % Phy DF OF 
 1 Drew Doughty             Tyler Myers                                       55     1   2  2  
 2 Alex Goligoski           Mike Lundin                                       30     1   2  2  
 3 Michael Kostka           Tomas Kundratek                                   10     1   2  2  
 4 Drew Doughty             Tyler Myers                                       5      1   2  2  

PowerPlay Forward 
   Center                   Left Wing                Right Wing               Time % Phy DF OF 
 1 Robert Nilsson           Marcus Johansson         Sam Gagner               60     1   2  2  
 2 Derick Brassard          Jamie Benn               Nick Palmieri            40     1   2  2  

PowerPlay Defense
   Defense                  Defense                                           Time % Phy DF OF 
 1 Drew Doughty             Tyler Myers                                       60     1   2  2  
 2 Alex Goligoski           Mike Lundin                                       40     1   2  2  

Penalty Kill 4 Players Forward 
   Center                   Wing                     Time % Phy DF OF 
 1 Robert Nilsson           Derick Brassard          60     1   2  2  
 2 Jamie Benn               Sam Gagner               40     1   2  2  

Penalty Kill 4 Players Defense
   Defense                  Defense                  Time % Phy DF OF 
 1 Drew Doughty             Tyler Myers              60     1   2  2  
 2 Alex Goligoski           Mike Lundin              40     1   2  2  

Penalty Kill - 3 Players Forward 
   Forward                                           Time % Phy DF OF 
 1 Robert Nilsson                                    60     1   2  2  
 2 Derick Brassard                                   40     1   2  2  

Penalty Kill - 3 Players Defense
   Defense                  Defense                  Time % Phy DF OF 
 1 Drew Doughty             Tyler Myers              60     1   2  2  
 2 Alex Goligoski           Mike Lundin              40     1   2  2  

4 vs 4 Forward 
   Center                   Wing                     Time % Phy DF OF 
 1 Robert Nilsson           Derick Brassard          60     1   2  2  
 2 Jamie Benn               Sam Gagner               40     1   2  2  

4 vs 4 Defense
   Defense                  Defense                  Time % Phy DF OF 
 1 Drew Doughty             Tyler Myers              60     1   2  2  
 2 Alex Goligoski           Mike Lundin              40     1   2  2  

Last Minutes Offensive
   Center                   Left Wing                Right Wing               Defense                  Defense                  
   Robert Nilsson           Marcus Johansson         Sam Gagner               Drew Doughty             Tyler Myers              

Last Minutes Defensive
   Center                   Left Wing                Right Wing               Defense                  Defense                  
   Robert Nilsson           Marcus Johansson         Sam Gagner               Drew Doughty             Tyler Myers              

Goaltenders
Starting : Jonathan Quick           
Backup : Pekka Rinne              

Extra Forwards
Normal : Oscar Sundqvist, Maxim Talbot, Jason Akeson - PP : Oscar Sundqvist, Maxim Talbot - PK : Jason Akeson
Extra Defensemen
Normal : Michael Kostka, Tomas Kundratek, Alex Goligoski - PP : Michael Kostka - PK : Tomas Kundratek, Alex Goligoski
Penalty Shots
Robert Nilsson, Derick Brassard, Jamie Benn, Sam Gagner, Marcus Johansson

Scratches
Alexander Steen (Healthy)

% Time on Ice - Maple Leafs

Lines # - Real PCT - Wanted PCT - Time Play
Normal Forward
1 - 38% - 40% - 16:45
2 - 25% - 30% - 11:22
3 - 22% - 20% - 10:02
4 - 15% - 10% - 6:29
Normal Defense
1 - 41% - 40% - 18:11
2 - 33% - 30% - 14:53
3 - 22% - 20% - 9:41
4 - 4% - 10% - 1:53
PP Forward
1 - 62% - 60% - 2:59
2 - 38% - 40% - 1:50
PP Defense
1 - 67% - 60% - 3:13
2 - 33% - 40% - 1:36
PK Forward
1 - 70% - 60% - 6:55
2 - 30% - 40% - 2:55
PK Defense
1 - 67% - 60% - 6:35
2 - 33% - 40% - 3:15
PK3 Forward
1 - 0% - 60%
2 - 0% - 40%
PK3 Defense
1 - 0% - 60%
2 - 0% - 40%
44 Forward
1 - 81% - 60% - 0:35
2 - 19% - 40% - 0:08
44 Defense
1 - 100% - 60% - 0:43
2 - 0% - 40% - 0:00
Last Minute Offensive  - 0:00
Last Minute Defensive  - 0:00
Total
Forward - 60:00
Defense - 60:00

% Time on Ice - Canucks

Lines # - Real PCT - Wanted PCT - Time Play
Normal Forward
1 - 42% - 55% - 18:41
2 - 32% - 30% - 14:13
3 - 21% - 10% - 9:11
4 - 6% - 5% - 2:33
Normal Defense
1 - 51% - 55% - 22:33
2 - 34% - 30% - 15:11
3 - 15% - 10% - 6:54
4 - 0% - 5% - 0:00
PP Forward
1 - 57% - 60% - 5:39
2 - 43% - 40% - 4:11
PP Defense
1 - 57% - 60% - 5:37
2 - 43% - 40% - 4:13
PK Forward
1 - 83% - 60% - 3:59
2 - 17% - 40% - 0:50
PK Defense
1 - 60% - 60% - 2:53
2 - 40% - 40% - 1:56
PK3 Forward
1 - 0% - 60%
2 - 0% - 40%
PK3 Defense
1 - 0% - 60%
2 - 0% - 40%
44 Forward
1 - 81% - 60% - 0:35
2 - 19% - 40% - 0:08
44 Defense
1 - 63% - 60% - 0:27
2 - 37% - 40% - 0:16
Last Minute Offensive  - 0:00
Last Minute Defensive  - 0:00
Total
Forward - 60:00
Defense - 60:00

Play-by-Play

1st period


0:01 of 1st period - Robert Nilsson wins face-off versus Evgeni Malkin in neutral zone.
0:04 of 1st period - Michael Frolik is hit by Robert Nilsson and loses puck.
0:52 of 1st period - Slapshot by Zach Werenski.
0:52 of 1st period - Stopped by Jonathan Quick with a rebound.
0:54 of 1st period - Snap shot by Brayden Schenn.
0:54 of 1st period - Shot Misses the Net.
0:56 of 1st period - Wrist shot by Andre Burakovsky.
0:56 of 1st period - Shot Blocked by Mike Lundin.
1:36 of 1st period - Snap shot by Robert Nilsson.
1:36 of 1st period - Deflect By Jon Merrill.
1:36 of 1st period - Stopped by John Gibson without a rebound.
1:37 of 1st period - Jason Akeson wins face-off versus Patrice Cormier in Maple Leafs zone.
1:42 of 1st period - Wrist shot by Drew Doughty.
1:42 of 1st period - Deflect By Braydon Coburn.
1:42 of 1st period - Stopped by John Gibson with a rebound.
1:44 of 1st period - Snap shot by Drew Doughty.
1:44 of 1st period - Stopped by John Gibson without a rebound.
1:45 of 1st period - Brayden Schenn wins face-off versus Robert Nilsson in Maple Leafs zone.
1:52 of 1st period - Tyler Myers is hit by Gabriel Landeskog and loses puck.
1:59 of 1st period - Wrist shot by Andre Burakovsky.
1:59 of 1st period - Shot Misses the Net.
3:12 of 1st period - Off-side.
3:13 of 1st period - Brayden Schenn wins face-off versus Robert Nilsson in neutral zone.
3:25 of 1st period - Off-side.
3:26 of 1st period - Derick Brassard wins face-off versus Evgeni Malkin in neutral zone.
3:58 of 1st period - Icing by Alex Goligoski.
3:59 of 1st period - Robert Nilsson wins face-off versus Pavel Zacha in Canucks zone.
4:13 of 1st period - Off-side.
4:14 of 1st period - Robert Nilsson wins face-off versus Evgeni Malkin in neutral zone.
4:29 of 1st period - Slapshot by Marcus Johansson.
4:29 of 1st period - Stopped by John Gibson without a rebound.
4:30 of 1st period - Derick Brassard wins face-off versus Brayden Schenn in Maple Leafs zone.
4:40 of 1st period - Minor Penalty to Brayden Schenn for Holding.
4:41 of 1st period - Robert Nilsson wins face-off versus Evgeni Malkin in Maple Leafs zone.
6:40 of 1st period - Penalty to Brayden Schenn is over, Brayden Schenn is back on ice.
6:45 of 1st period - Icing by Braydon Coburn.
6:46 of 1st period - Pavel Zacha wins face-off versus Maxim Talbot in Maple Leafs zone.
6:53 of 1st period - Slapshot by Beau Bennett.
6:53 of 1st period - Shot Misses the Net.
7:17 of 1st period - Snap shot by Brayden Schenn.
7:17 of 1st period - Stopped by Jonathan Quick without a rebound.
7:18 of 1st period - Derick Brassard wins face-off versus Michael Frolik in Canucks zone.
7:45 of 1st period - Sam Gagner is hit by Brayden Schenn and loses puck.
8:06 of 1st period - Michael Kostka is hit by Tim Schaller.
8:48 of 1st period - Snap shot by Robert Nilsson.
8:48 of 1st period - Deflect By Sam Gagner.
8:48 of 1st period - Shot Misses the Net.
8:48 of 1st period - Puck is out of play.
8:49 of 1st period - Evgeni Malkin wins face-off versus Robert Nilsson in Maple Leafs zone.
9:42 of 1st period - Slapshot by Michael Frolik.
9:42 of 1st period - Shot Blocked by Marcus Johansson.
10:19 of 1st period - Icing by Hampus Lindholm.
10:20 of 1st period - Evgeni Malkin wins face-off versus Derick Brassard in Maple Leafs zone.
10:24 of 1st period - Off-side.
10:25 of 1st period - Gabriel Landeskog wins face-off versus Derick Brassard in neutral zone.
10:28 of 1st period - Backhand shot by John Klingberg.
10:28 of 1st period - Stopped by Jonathan Quick without a rebound.
10:29 of 1st period - Derick Brassard wins face-off versus Brayden Schenn in Canucks zone.
10:43 of 1st period - Snap shot by Derick Brassard.
10:43 of 1st period - Shot Blocked by Andre Burakovsky.
10:45 of 1st period - Snap shot by Derick Brassard.
10:45 of 1st period - Deflect By Gabriel Landeskog.
10:45 of 1st period - Stopped by John Gibson with a rebound.
10:47 of 1st period - Wrist shot by Derick Brassard.
10:47 of 1st period - Stopped by John Gibson without a rebound.
10:48 of 1st period - Maxim Talbot wins face-off versus Pavel Zacha in Maple Leafs zone.
10:49 of 1st period - Slapshot by Drew Doughty.
10:49 of 1st period - Deflect By Pavel Zacha.
10:49 of 1st period - Stopped by John Gibson without a rebound.
10:50 of 1st period - Maxim Talbot wins face-off versus Pavel Zacha in Maple Leafs zone.
11:19 of 1st period - Slapshot by Drew Doughty.
11:19 of 1st period - Stopped by John Gibson with a rebound.
11:57 of 1st period - Wrist shot by Evgeni Malkin.
11:57 of 1st period - Goal by Evgeni Malkin - Maple Leafs : 1 - Canucks : 0.
11:58 of 1st period - Robert Nilsson wins face-off versus Brayden Schenn in neutral zone.
12:01 of 1st period - Gabriel Landeskog is hit by Robert Nilsson and loses puck.
12:06 of 1st period - Wrist shot by Marcus Johansson.
12:06 of 1st period - Shot Misses the Net.
12:08 of 1st period - Wrist shot by Tyler Myers.
12:08 of 1st period - Stopped by John Gibson without a rebound.
12:09 of 1st period - Brayden Schenn wins face-off versus Robert Nilsson in Maple Leafs zone.
12:36 of 1st period - Drew Doughty is hit by Claude Giroux and loses puck.
13:21 of 1st period - Mike Lundin is hit by John Klingberg and loses puck.
13:24 of 1st period - Wrist shot by Alex Goligoski.
13:24 of 1st period - Shot Blocked by Hampus Lindholm.
13:26 of 1st period - Snap shot by Alex Goligoski.
13:26 of 1st period - Deflect By Hampus Lindholm.
13:26 of 1st period - Stopped by John Gibson with a rebound.
13:28 of 1st period - Slapshot by Alex Goligoski.
13:28 of 1st period - Stopped by John Gibson without a rebound.
13:29 of 1st period - Evgeni Malkin wins face-off versus Robert Nilsson in Maple Leafs zone.
13:31 of 1st period - Minor Penalty to Evgeni Malkin for High sticking.
13:32 of 1st period - Brayden Schenn wins face-off versus Robert Nilsson in Maple Leafs zone.
13:32 of 1st period - Brayden Schenn is hit by Tyler Myers.
15:31 of 1st period - Penalty to Evgeni Malkin is over, Evgeni Malkin is back on ice.
15:57 of 1st period - Tim Schaller is hit by Tomas Kundratek and loses puck.
16:51 of 1st period - Slapshot by Patrice Cormier.
16:51 of 1st period - Stopped by Jonathan Quick without a rebound.
16:52 of 1st period - Pontus Aberg wins face-off versus Derick Brassard in Canucks zone.
18:02 of 1st period - Off-side.
18:03 of 1st period - Cody Eakin wins face-off versus Patrice Cormier in neutral zone.
19:07 of 1st period - Minor Penalty to Evgeni Malkin for Interference.
19:08 of 1st period - Brayden Schenn wins face-off versus Robert Nilsson in Maple Leafs zone.
19:17 of 1st period - Brayden Schenn is hit by Tyler Myers and loses puck.
19:42 of 1st period - Wrist shot by Derick Brassard.
19:42 of 1st period - Stopped by John Gibson with a rebound.
19:44 of 1st period - Snap shot by Tyler Myers.
19:44 of 1st period - Shot Misses the Net.
Goals for this period are 1 for Maple Leafs vs 0 for Canucks.
Shots for this period are 5 for Maple Leafs vs 12 for Canucks.

2nd period


0:01 of 2nd period - Robert Nilsson wins face-off versus Brayden Schenn in neutral zone.
0:23 of 2nd period - Minor Penalty to Sam Gagner for Holding.
0:24 of 2nd period - Robert Nilsson wins face-off versus Brayden Schenn in Canucks zone.
0:31 of 2nd period - Hampus Lindholm is hit by Robert Nilsson and loses puck.
1:07 of 2nd period - Penalty to Evgeni Malkin is over, Evgeni Malkin is back on ice.
1:08 of 2nd period - Slapshot by Hampus Lindholm.
1:08 of 2nd period - Goal by Hampus Lindholm - Maple Leafs : 2 - Canucks : 0.
1:09 of 2nd period - Robert Nilsson wins face-off versus Evgeni Malkin in neutral zone.
1:38 of 2nd period - Wrist shot by Derick Brassard.
1:38 of 2nd period - Deflect By John Klingberg.
1:38 of 2nd period - Shot Misses the Net.
1:38 of 2nd period - Puck is out of play.
1:39 of 2nd period - Brayden Schenn wins face-off versus Derick Brassard in Maple Leafs zone.
1:43 of 2nd period - Off-side.
1:44 of 2nd period - Evgeni Malkin wins face-off versus Robert Nilsson in neutral zone.
1:53 of 2nd period - Slapshot by Marcus Johansson.
1:53 of 2nd period - Stopped by John Gibson without a rebound.
1:54 of 2nd period - Robert Nilsson wins face-off versus Evgeni Malkin in Maple Leafs zone.
2:15 of 2nd period - Slapshot by Michael Frolik.
2:15 of 2nd period - Shot Misses the Net.
2:33 of 2nd period - Slapshot by Tyler Myers.
2:33 of 2nd period - Stopped by John Gibson without a rebound.
2:34 of 2nd period - Brayden Schenn wins face-off versus Derick Brassard in Maple Leafs zone.
2:34 of 2nd period - Brayden Schenn is hit by Mike Lundin.
2:51 of 2nd period - Snap shot by Brayden Schenn.
2:51 of 2nd period - Stopped by Jonathan Quick without a rebound.
2:52 of 2nd period - Robert Nilsson wins face-off versus Pavel Zacha in Canucks zone.
3:17 of 2nd period - Jamie Benn is hit by Gabriel Landeskog.
3:41 of 2nd period - Snap shot by Michael Frolik.
3:41 of 2nd period - Shot Blocked by Alex Goligoski.
3:43 of 2nd period - Wrist shot by Evgeni Malkin.
3:43 of 2nd period - Goal by Evgeni Malkin - Maple Leafs : 3 - Canucks : 0.
3:44 of 2nd period - Robert Nilsson wins face-off versus Brayden Schenn in neutral zone.
3:53 of 2nd period - Wrist shot by Marcus Johansson.
3:53 of 2nd period - Shot Misses the Net.
3:55 of 2nd period - Wrist shot by Robert Nilsson.
3:55 of 2nd period - Deflect By Sam Gagner.
3:55 of 2nd period - Stopped by John Gibson without a rebound.
3:56 of 2nd period - Robert Nilsson wins face-off versus Evgeni Malkin in Maple Leafs zone.
4:04 of 2nd period - Off-side.
4:05 of 2nd period - Robert Nilsson wins face-off versus Evgeni Malkin in neutral zone.
4:12 of 2nd period - Snap shot by Robert Nilsson.
4:12 of 2nd period - Goal by Robert Nilsson - Maple Leafs : 3 - Canucks : 1.
4:13 of 2nd period - Brayden Schenn wins face-off versus Robert Nilsson in neutral zone.
4:22 of 2nd period - Slapshot by Brayden Schenn.
4:22 of 2nd period - Deflect By Andre Burakovsky.
4:22 of 2nd period - Shot Misses the Net.
4:22 of 2nd period - Puck is out of play.
4:23 of 2nd period - Robert Nilsson wins face-off versus Brayden Schenn in Canucks zone.
4:30 of 2nd period - Slapshot by Drew Doughty.
4:30 of 2nd period - Stopped by John Gibson without a rebound.
4:31 of 2nd period - Robert Nilsson wins face-off versus Claude Giroux in Maple Leafs zone.
6:01 of 2nd period - Off-side.
6:02 of 2nd period - Evgeni Malkin wins face-off versus Derick Brassard in neutral zone.
6:57 of 2nd period - Wrist shot by Maxim Talbot.
6:57 of 2nd period - Shot Misses the Net.
6:59 of 2nd period - Slapshot by Drew Doughty.
6:59 of 2nd period - Deflect By Zach Werenski.
6:59 of 2nd period - Stopped by John Gibson with a rebound.
7:03 of 2nd period - Snap shot by Drew Doughty.
7:03 of 2nd period - Shot Misses the Net.
7:36 of 2nd period - Minor Penalty to Brandon Saad for Interference.
7:37 of 2nd period - Robert Nilsson wins face-off versus Brayden Schenn in Maple Leafs zone.
7:51 of 2nd period - Sam Gagner is hit by Braydon Coburn and loses puck.
8:06 of 2nd period - Backhand shot by Mike Lundin.
8:06 of 2nd period - Shot Misses the Net.
8:08 of 2nd period - Snap shot by Mike Lundin.
8:08 of 2nd period - Shot Misses the Net.
8:10 of 2nd period - Slapshot by Nick Palmieri.
8:10 of 2nd period - Shot Misses the Net.
8:12 of 2nd period - Slapshot by Mike Lundin.
8:12 of 2nd period - Shot Blocked by Braydon Coburn.
8:14 of 2nd period - Snap shot by Mike Lundin.
8:14 of 2nd period - Goal by Mike Lundin - Maple Leafs : 3 - Canucks : 2.
8:15 of 2nd period - Michael Frolik wins face-off versus Robert Nilsson in neutral zone.
8:24 of 2nd period - Snap shot by Claude Giroux.
8:24 of 2nd period - Deflect By Evgeni Malkin.
8:24 of 2nd period - Shot Misses the Net.
8:24 of 2nd period - Puck is out of play.
8:25 of 2nd period - Michael Frolik wins face-off versus Robert Nilsson in Canucks zone.
8:32 of 2nd period - Snap shot by Michael Frolik.
8:32 of 2nd period - Shot Misses the Net.
8:34 of 2nd period - Snap shot by Michael Frolik.
8:34 of 2nd period - Stopped by Jonathan Quick with a rebound.
8:36 of 2nd period - Slapshot by Evgeni Malkin.
8:36 of 2nd period - Stopped by Jonathan Quick with a rebound.
8:38 of 2nd period - Slapshot by Jon Merrill.
8:38 of 2nd period - Shot Misses the Net.
8:50 of 2nd period - Snap shot by Evgeni Malkin.
8:50 of 2nd period - Stopped by Jonathan Quick with a rebound.
8:52 of 2nd period - Slapshot by Jon Merrill.
8:52 of 2nd period - Shot Misses the Net.
9:00 of 2nd period - Wrist shot by Evgeni Malkin.
9:00 of 2nd period - Deflect By Michael Frolik.
9:00 of 2nd period - Stopped by Jonathan Quick without a rebound.
9:01 of 2nd period - Derick Brassard wins face-off versus Brayden Schenn in Canucks zone.
9:03 of 2nd period - Minor Penalty to Mike Lundin for Tripping.
9:04 of 2nd period - Robert Nilsson wins face-off versus Evgeni Malkin in Canucks zone.
9:12 of 2nd period - Wrist shot by Claude Giroux.
9:12 of 2nd period - Shot Misses the Net.
9:14 of 2nd period - Snap shot by Evgeni Malkin.
9:14 of 2nd period - Shot Misses the Net.
9:20 of 2nd period - Wrist shot by Claude Giroux.
9:20 of 2nd period - Shot Misses the Net.
10:21 of 2nd period - Alex Goligoski is hit by Jon Merrill and loses puck.
11:03 of 2nd period - Penalty to Mike Lundin is over, Mike Lundin is back on ice.
12:03 of 2nd period - Wrist shot by Sam Gagner.
12:03 of 2nd period - Shot Misses the Net.
12:42 of 2nd period - Off-side.
12:43 of 2nd period - Evgeni Malkin wins face-off versus Maxim Talbot in neutral zone.
13:15 of 2nd period - Snap shot by Robert Nilsson.
13:15 of 2nd period - Shot Misses the Net.
13:31 of 2nd period - Jon Merrill is hit by Nick Palmieri and loses puck.
14:24 of 2nd period - Snap shot by Pontus Aberg.
14:24 of 2nd period - Shot Misses the Net.
14:26 of 2nd period - Wrist shot by Patrice Cormier.
14:26 of 2nd period - Stopped by Jonathan Quick with a rebound.
14:30 of 2nd period - Slapshot by Patrice Cormier.
14:30 of 2nd period - Shot Misses the Net.
14:32 of 2nd period - Snap shot by Brandon Saad.
14:32 of 2nd period - Stopped by Jonathan Quick without a rebound.
14:33 of 2nd period - Derick Brassard wins face-off versus Evgeni Malkin in Canucks zone.
14:33 of 2nd period - Derick Brassard is hit by Hampus Lindholm.
14:53 of 2nd period - Derick Brassard is hit by Evgeni Malkin and loses puck.
15:05 of 2nd period - Minor Penalty to Andre Burakovsky for Hooking.
15:06 of 2nd period - Brayden Schenn wins face-off versus Robert Nilsson in Maple Leafs zone.
17:05 of 2nd period - Penalty to Andre Burakovsky is over, Andre Burakovsky is back on ice.
17:22 of 2nd period - Fabian Brunnstrom is hit by Pavel Zacha and loses puck.
17:36 of 2nd period - Off-side.
17:37 of 2nd period - Garnet Hathaway wins face-off versus Evgeni Malkin in neutral zone.
18:18 of 2nd period - Slapshot by Tim Schaller.
18:18 of 2nd period - Stopped by Jonathan Quick with a rebound.
18:20 of 2nd period - Slapshot by John Klingberg.
18:20 of 2nd period - Deflect By Derick Brassard.
18:20 of 2nd period - Stopped by Jonathan Quick without a rebound.
18:21 of 2nd period - Brayden Schenn wins face-off versus Robert Nilsson in Canucks zone.
18:48 of 2nd period - Tyler Myers is hit by Tim Schaller.
19:31 of 2nd period - Icing by Pavel Zacha.
19:32 of 2nd period - Pavel Zacha wins face-off versus Robert Nilsson in Maple Leafs zone.
Goals for this period are 2 for Maple Leafs vs 2 for Canucks.
Shots for this period are 11 for Maple Leafs vs 7 for Canucks.

3rd period


0:01 of 3rd period - Evgeni Malkin wins face-off versus Robert Nilsson in neutral zone.
0:03 of 3rd period - Off-side.
0:04 of 3rd period - Evgeni Malkin wins face-off versus Robert Nilsson in neutral zone.
0:19 of 3rd period - Slapshot by Zach Werenski.
0:19 of 3rd period - Shot Misses the Net.
0:32 of 3rd period - Slapshot by Brayden Schenn.
0:32 of 3rd period - Stopped by Jonathan Quick with a rebound.
0:34 of 3rd period - Backhand shot by Brayden Schenn.
0:34 of 3rd period - Shot Misses the Net.
1:42 of 3rd period - Wrist shot by Derick Brassard.
1:42 of 3rd period - Stopped by John Gibson without a rebound.
1:43 of 3rd period - Derick Brassard wins face-off versus Evgeni Malkin in Maple Leafs zone.
1:44 of 3rd period - Wrist shot by Nick Palmieri.
1:44 of 3rd period - Shot Misses the Net.
1:56 of 3rd period - Snap shot by Evgeni Malkin.
1:56 of 3rd period - Shot Misses the Net.
2:00 of 3rd period - Snap shot by Claude Giroux.
2:00 of 3rd period - Stopped by Jonathan Quick without a rebound.
2:01 of 3rd period - Robert Nilsson wins face-off versus Brayden Schenn in Canucks zone.
2:06 of 3rd period - Wrist shot by Tyler Myers.
2:06 of 3rd period - Deflect By John Klingberg.
2:06 of 3rd period - Stopped by John Gibson with a rebound.
2:12 of 3rd period - Snap shot by Sam Gagner.
2:12 of 3rd period - Shot Misses the Net.
2:51 of 3rd period - Icing by Tyler Myers.
2:52 of 3rd period - Pavel Zacha wins face-off versus Derick Brassard in Canucks zone.
3:32 of 3rd period - Snap shot by Michael Frolik.
3:32 of 3rd period - Shot Misses the Net.
3:50 of 3rd period - Wrist shot by Maxim Talbot.
3:50 of 3rd period - Stopped by John Gibson without a rebound.
3:51 of 3rd period - Robert Nilsson wins face-off versus Brayden Schenn in Maple Leafs zone.
3:54 of 3rd period - Wrist shot by Marcus Johansson.
3:54 of 3rd period - Stopped by John Gibson with a rebound.
4:30 of 3rd period - Wrist shot by Michael Frolik.
4:30 of 3rd period - Stopped by Jonathan Quick without a rebound.
4:31 of 3rd period - Derick Brassard wins face-off versus Pavel Zacha in Canucks zone.
4:31 of 3rd period - Derick Brassard is hit by Zach Werenski.
4:42 of 3rd period - Jamie Benn is hit by Pavel Zacha.
4:45 of 3rd period - Off-side.
4:46 of 3rd period - Evgeni Malkin wins face-off versus Robert Nilsson in neutral zone.
5:03 of 3rd period - Minor Penalty to Marcus Johansson for Tripping.
5:04 of 3rd period - Evgeni Malkin wins face-off versus Robert Nilsson in Canucks zone.
5:18 of 3rd period - Snap shot by Hampus Lindholm.
5:18 of 3rd period - Shot Misses the Net.
5:30 of 3rd period - Tyler Myers is hit by Hampus Lindholm and loses puck.
6:37 of 3rd period - Fabian Brunnstrom is hit by Andre Burakovsky and loses puck.
7:03 of 3rd period - Penalty to Marcus Johansson is over, Marcus Johansson is back on ice.
7:16 of 3rd period - Wrist shot by Jamie Benn.
7:16 of 3rd period - Stopped by John Gibson without a rebound.
7:17 of 3rd period - Derick Brassard wins face-off versus Pavel Zacha in Maple Leafs zone.
7:18 of 3rd period - Snap shot by Jamie Benn.
7:18 of 3rd period - Shot Misses the Net.
7:57 of 3rd period - Minor Penalty to Patrice Cormier for Hooking.
7:58 of 3rd period - Brayden Schenn wins face-off versus Robert Nilsson in Maple Leafs zone.
8:09 of 3rd period - Slapshot by Drew Doughty.
8:09 of 3rd period - Stopped by John Gibson with a rebound.
8:25 of 3rd period - Slapshot by Alex Goligoski.
8:25 of 3rd period - Shot Misses the Net.
8:52 of 3rd period - Icing by Mike Lundin.
8:53 of 3rd period - Brayden Schenn wins face-off versus Robert Nilsson in Canucks zone.
9:57 of 3rd period - Penalty to Patrice Cormier is over, Patrice Cormier is back on ice.
10:16 of 3rd period - Zach Werenski is hit by Maxim Talbot and loses puck.
10:34 of 3rd period - Brandon Saad is hit by Robert Nilsson and loses puck.
10:56 of 3rd period - Snap shot by Michael Frolik.
10:56 of 3rd period - Stopped by Jonathan Quick with a rebound.
11:33 of 3rd period - Cody Eakin is hit by Andre Burakovsky and loses puck.
11:39 of 3rd period - Minor Penalty to Garnet Hathaway for Elbowing.
11:40 of 3rd period - Robert Nilsson wins face-off versus Evgeni Malkin in Canucks zone.
11:40 of 3rd period - Robert Nilsson is hit by Zach Werenski.
11:49 of 3rd period - Slapshot by Zach Werenski.
11:49 of 3rd period - Deflect By Drew Doughty.
11:49 of 3rd period - Stopped by Jonathan Quick without a rebound.
11:50 of 3rd period - Robert Nilsson wins face-off versus Evgeni Malkin in Canucks zone.
11:50 of 3rd period - Robert Nilsson is hit by Evgeni Malkin.
12:08 of 3rd period - Snap shot by Evgeni Malkin.
12:08 of 3rd period - Goal by Evgeni Malkin - Maple Leafs : 4 - Canucks : 2.
12:09 of 3rd period - Evgeni Malkin wins face-off versus Robert Nilsson in neutral zone.
12:12 of 3rd period - Slapshot by Zach Werenski.
12:12 of 3rd period - Shot Blocked by Tyler Myers.
12:41 of 3rd period - Slapshot by Alex Goligoski.
12:41 of 3rd period - Shot Blocked by Gabriel Landeskog.
12:59 of 3rd period - Alex Goligoski is hit by Hampus Lindholm and loses puck.
13:08 of 3rd period - Snap shot by Jamie Benn.
13:08 of 3rd period - Stopped by John Gibson with a rebound.
13:15 of 3rd period - Minor Penalty to Alex Goligoski for Tripping.
13:16 of 3rd period - Claude Giroux wins face-off versus Robert Nilsson in Canucks zone.
13:18 of 3rd period - Snap shot by Evgeni Malkin.
13:18 of 3rd period - Shot Misses the Net.
13:20 of 3rd period - Slapshot by Zach Werenski.
13:20 of 3rd period - Deflect By Evgeni Malkin.
13:20 of 3rd period - Stopped by Jonathan Quick without a rebound.
13:21 of 3rd period - Robert Nilsson wins face-off versus Claude Giroux in Canucks zone.
13:31 of 3rd period - Snap shot by Michael Frolik.
13:31 of 3rd period - Shot Misses the Net.
13:33 of 3rd period - Slapshot by Michael Frolik.
13:33 of 3rd period - Shot Misses the Net.
13:35 of 3rd period - Snap shot by Michael Frolik.
13:35 of 3rd period - Goal by Michael Frolik - Maple Leafs : 5 - Canucks : 2.
13:36 of 3rd period - Robert Nilsson wins face-off versus Claude Giroux in neutral zone.
13:39 of 3rd period - Snap shot by Drew Doughty.
13:39 of 3rd period - Shot Misses the Net.
13:41 of 3rd period - Slapshot by Robert Nilsson.
13:41 of 3rd period - Deflect By John Klingberg.
13:41 of 3rd period - Shot Misses the Net.
13:41 of 3rd period - Puck is out of play.
13:42 of 3rd period - Robert Nilsson wins face-off versus Evgeni Malkin in Maple Leafs zone.
13:49 of 3rd period - Snap shot by Marcus Johansson.
13:49 of 3rd period - Stopped by John Gibson without a rebound.
13:50 of 3rd period - Robert Nilsson wins face-off versus Evgeni Malkin in Maple Leafs zone.
14:24 of 3rd period - Slapshot by Derick Brassard.
14:24 of 3rd period - Deflect By Gabriel Landeskog.
14:24 of 3rd period - Shot Misses the Net.
14:24 of 3rd period - Puck is out of play.
14:25 of 3rd period - Brayden Schenn wins face-off versus Robert Nilsson in Maple Leafs zone.
14:38 of 3rd period - Snap shot by Robert Nilsson.
14:38 of 3rd period - Shot Blocked by Jon Merrill.
14:58 of 3rd period - Snap shot by Derick Brassard.
14:58 of 3rd period - Stopped by John Gibson without a rebound.
14:59 of 3rd period - Brayden Schenn wins face-off versus Robert Nilsson in Maple Leafs zone.
14:59 of 3rd period - Brayden Schenn is hit by Tyler Myers.
15:51 of 3rd period - Snap shot by Tim Schaller.
15:51 of 3rd period - Stopped by Jonathan Quick with a rebound.
15:53 of 3rd period - Wrist shot by Beau Bennett.
15:53 of 3rd period - Shot Misses the Net.
16:13 of 3rd period - Snap shot by Drew Doughty.
16:13 of 3rd period - Shot Misses the Net.
16:31 of 3rd period - Gabriel Landeskog is hit by Derick Brassard and loses puck.
16:47 of 3rd period - Icing by Braydon Coburn.
16:48 of 3rd period - Evgeni Malkin wins face-off versus Maxim Talbot in Maple Leafs zone.
16:55 of 3rd period - Snap shot by Evgeni Malkin.
16:55 of 3rd period - Stopped by Jonathan Quick without a rebound.
16:56 of 3rd period - Robert Nilsson wins face-off versus Michael Frolik in Canucks zone.
17:23 of 3rd period - Evgeni Malkin is hit by Alex Goligoski and loses puck.
17:48 of 3rd period - Wrist shot by Claude Giroux.
17:48 of 3rd period - Shot Misses the Net.
17:50 of 3rd period - Wrist shot by Michael Frolik.
17:50 of 3rd period - Shot Misses the Net.
17:52 of 3rd period - Slapshot by Braydon Coburn.
17:52 of 3rd period - Deflect By Claude Giroux.
17:52 of 3rd period - Shot Blocked by Mike Lundin.
17:52 of 3rd period - Puck is out of play.
17:53 of 3rd period - Robert Nilsson wins face-off versus Andre Burakovsky in Canucks zone.
18:00 of 3rd period - Wrist shot by Gabriel Landeskog.
18:00 of 3rd period - Goal by Gabriel Landeskog - Maple Leafs : 6 - Canucks : 2.
18:01 of 3rd period - Robert Nilsson wins face-off versus Andre Burakovsky in neutral zone.
18:04 of 3rd period - Snap shot by Robert Nilsson.
18:04 of 3rd period - Stopped by John Gibson without a rebound.
18:05 of 3rd period - Robert Nilsson wins face-off versus Brayden Schenn in Maple Leafs zone.
18:16 of 3rd period - Wrist shot by Brayden Schenn.
18:16 of 3rd period - Stopped by Jonathan Quick with a rebound.
18:22 of 3rd period - Andre Burakovsky is hit by Marcus Johansson and loses puck.
19:05 of 3rd period - Snap shot by Hampus Lindholm.
19:05 of 3rd period - Shot Misses the Net.
19:07 of 3rd period - Snap shot by Pontus Aberg.
19:07 of 3rd period - Shot Misses the Net.
19:20 of 3rd period - Off-side.
19:21 of 3rd period - Robert Nilsson wins face-off versus Pavel Zacha in neutral zone.
19:40 of 3rd period - Snap shot by Tim Schaller.
19:40 of 3rd period - Shot Blocked by Alex Goligoski.
19:42 of 3rd period - Snap shot by Braydon Coburn.
19:42 of 3rd period - Shot Blocked by Alex Goligoski.
19:44 of 3rd period - Snap shot by Beau Bennett.
19:44 of 3rd period - Shot Blocked by Robert Nilsson.
19:46 of 3rd period - Wrist shot by Tim Schaller.
19:46 of 3rd period - Shot Misses the Net.
19:48 of 3rd period - Snap shot by Zach Werenski.
19:48 of 3rd period - Stopped by Jonathan Quick without a rebound.
19:49 of 3rd period - Derick Brassard wins face-off versus Evgeni Malkin in Canucks zone.
19:49 of 3rd period - Derick Brassard is hit by Michael Frolik.
Goals for this period are 3 for Maple Leafs vs 0 for Canucks.
Shots for this period are 13 for Maple Leafs vs 10 for Canucks.